 Dungeon Crawl Stone Soup version 0.18-a0-1649-g8d9735b (webtiles) character file.

1319 namelastname112 the Chopper (level 8, -5/69 HPs)
             Began as a Black Draconian Gladiator on Mar 29, 2016.
             Was an Initiate of Okawaru.
             Slain by a troll (18 damage)
             ... on level 6 of the Dungeon.
             The game lasted 00:08:16 (6190 turns).

namelastname112 the Chopper (DrGl)                  Turns: 6190, Time: 00:08:17

Health: -5/69      AC:  7    Str: 17    XL:     8   Next: 33%
Magic:  8/8        EV: 15    Int:  9    God:    Okawaru [......]
Gold:   340        SH:  0    Dex: 16    Spells: 0 memorised, 7 levels left

rFire  . . .     SeeInvis .     a - +0 war axe
rCold  + . .     Gourm    .     (armour unavailable)
rNeg   . . .     Faith    .     (no shield)
rPois  .         Spirit   .     b - +0 hat
rElec  +         Dismiss  .     B - +0 cloak
rCorr  .         Reflect  .     (no gloves)
SustAt .         Harm     .     (no boots)
MR     .....                    (no amulet)
Stlth  +.........               o - ring of protection from cold
                                h - +2 ring of dexterity

@: short of breath, not resistant to hostile enchantments, very unstealthy
A: breathe lightning, unfitting armour, electricity resistance, cold-blooded, AC
+6
a: Breathe Lightning, Renounce Religion


You were on level 6 of the Dungeon.
You worshipped Okawaru.
Okawaru was noncommittal.
You were not hungry.

You visited 2 branches of the dungeon, and saw 7 of its levels.
You also visited: Sewer.

You collected 340 gold pieces.

Inventory:

Hand Weapons
 a - a +0 war axe (weapon)
Missiles
 c - a throwing net (quivered)
 x - 11 curare-tipped needles
Armour
 b - a +0 hat (worn)
 B - a +0 cloak (worn)
 J - a +0 pair of gloves
Jewellery
 h - a +2 ring of dexterity (left hand)
 o - a ring of protection from cold (right hand)
 q - the ring "Ekiris" {rF+ rC+ MR- Int+2}
   (You found it in a sewer)

   [ring of protection from fire]

   It affects your intelligence (+2).
   It protects you from fire.
   It protects you from cold.
   It affects your resistance to hostile enchantments.
Wands
 p - a wand of polymorph (19/24)
 K - a wand of polymorph (17/24)
Scrolls
 e - 3 scrolls of remove curse {unknown}
 f - a scroll of fear {unknown}
 g - 6 scrolls of identify {unknown}
 i - 4 scrolls of teleportation {unknown}
 j - 2 scrolls of magic mapping {unknown}
 t - 2 scrolls of blinking {unknown}
 w - 2 scrolls of immolation {unknown}
 y - a scroll of enchant weapon {unknown}
 C - a scroll of fog {unknown}
 D - a scroll of noise {unknown}
 E - a scroll of recharging {unknown}
 F - a scroll of brand weapon {unknown}
 G - a scroll of amnesia {unknown}
Potions
 k - a potion of might {unknown}
 m - a potion of haste {unknown}
 n - a potion of magic {unknown}
 r - a potion of cancellation {unknown}
 s - a potion of agility {unknown}
 v - a potion of brilliance {unknown}
 z - a potion of cure mutation {unknown}
 A - a potion of resistance {unknown}
 I - a potion of mutation {unknown}
Comestibles
 d - 4 bread rations
 l - a royal jelly


   Skills:
 + Level 5.6 Fighting
 * Level 7.2 Axes
 + Level 4.2 Throwing
 + Level 4.7 Dodging
 + Level 0.4 Invocations


You had 7 spell levels left.
You didn't know any spells.

Dungeon Overview and Level Annotations

Branches:
Dungeon (6/15)             Temple (1/1) D:5

Altars:
Ashenzari
Elyvilon
Fedhas
Gozag
Nemelex Xobeh
Okawaru
Pakellas
Qazlal
Ru
Sif Muna
Trog
Yredelemnul
Zin
The Shining One


Innate Abilities, Weirdness & Mutations

You can breathe wild blasts of lightning.
Your glossy black scales are hard (AC +6).
Your body does not fit into most forms of armour.
You are resistant to electric shocks.
You are cold-blooded and may be slowed by cold attacks.


Message History

The troll is heavily wounded.
The troll bites you. The troll closely misses you. The troll claws you!
The troll bites you! The troll barely misses you. The troll claws you!
You closely miss the troll.
The troll is heavily wounded.
The troll closely misses you. The troll claws you. x2
You breathe a wild blast of lightning!
You hear a mighty clap of thunder!
The bolt of lightning misses you. The bolt of lightning hits you! You resist.
* * * LOW HITPOINT WARNING * * *
The orb of electricity explodes!
The orb of electricity engulfs the troll.
The troll is heavily wounded.
The orb of electricity engulfs you! You resist.
* * * LOW HITPOINT WARNING * * *
You hear a mighty clap of thunder!
You feel somewhat more hungry.
You hear an angry hiss.
The troll bites you!!
You die...

#.####.###. #...##
#.# #. #. #..... #
.. #.# ##
#<##.#....#.##...
#.#
#......#!..........
#.#
##......##...#.#..#
#.#
#...........#......
..# #.............#
### #.........@T.#
#....#..###.# #
##..#..###.#
#.#.##..........#
#..........#####
#####.#.##.#
######.....##.#
#........####.#
#.####.### #.#


You could see a troll.

Vanquished Creatures
  A hungry ghost (D:6)
  A black bear (D:6)
  An ogre (D:4)
  A centaur (D:6)
  2 giant frogs (Sewer)
  A scorpion (D:6)
  A wyvern skeleton (D:6)
  2 hounds (D:6)
  A centaur skeleton (D:5)
  3 orc priests (D:5)
  5 orc wizards
  2 iguanas
  Natasha (D:4)
  7 gnolls (D:6)
  10 adders
  A howler monkey skeleton (D:6)
  4 shadow imps
  An ooze (D:1)
  A worm (D:4)
  2 giant geckos
  18 orcs
  6 ball pythons (Sewer)
  4 giant cockroaches
  8 goblins
  5 hobgoblins
  6 jackals
  5 kobolds
  2 quokkas
  11 bats
  A giant gecko skeleton (D:4)
  A giant gecko zombie (D:5)
  3 giant newts
  A quokka zombie (D:5)
  9 rats
128 creatures vanquished.

Vanquished Creatures (others)
  5 toadstools (D:1)
5 creatures vanquished.

Grand Total: 133 creatures vanquished

Notes
Turn   | Place    | Note
--------------------------------------------------------------
     0 | D:1      | namelastname112 the Draconian Gladiator began the quest for the Orb.
     0 | D:1      | Reached XP level 1. HP: 17/17 MP: 1/1
    84 | D:1      | Reached XP level 2. HP: 24/25 MP: 2/2
   604 | D:2      | Found a glowing silver altar of Zin.
   696 | D:2      | Reached XP level 3. HP: 29/30 MP: 3/3
  1024 | D:3      | Reached skill level 4 in Axes
  1024 | D:3      | Reached XP level 4. HP: 29/38 MP: 4/4
  1086 | D:3      | Found a glowing drain.
  1096 | Sewer    | Entered a sewer
  1374 | Sewer    | Reached XP level 5. HP: 30/45 MP: 5/5
  1587 | Sewer    | Reached XP level 6. HP: 12/52 MP: 6/6
  1591 | Sewer    | Got a shimmering lapis lazuli ring
  1595 | Sewer    | Identified the ring "Ekiris" {rF+ rC+ MR- Int+2} (You found it in a sewer)
  1957 | D:3      | Found a sparkling altar of Nemelex Xobeh.
  2458 | D:4      | Found a glowing golden altar of the Shining One.
  2523 | D:4      | Reached skill level 5 in Axes
  3324 | D:4      | Noticed Natasha
  3332 | D:4      | Killed Natasha
  3508 | D:4      | Your scales start taking on a glossy black colour.
  3508 | D:4      | Reached XP level 7. HP: 12/60 MP: 7/7
  3508 | D:4      | Gained mutation: You are resistant to electric shocks. [Black Draconian growth]
  3973 | D:5      | Entered Level 5 of the Dungeon
  4471 | D:6      | Reached skill level 6 in Axes
  4530 | D:6      | Noticed a hungry ghost
  4580 | D:6      | Killed a hungry ghost
  4581 | D:6      | Reached skill level 5 in Fighting
  5198 | D:6      | Reached XP level 8. HP: 46/68 MP: 8/8
  5751 | D:5      | Found a staircase to the Ecumenical Temple.
  5774 | Temple   | Entered the Ecumenical Temple
  5834 | Temple   | Became a worshipper of Warmaster Okawaru
  5870 | D:5      | Reached skill level 7 in Axes
  5890 | D:5      | Found a blossoming altar of Fedhas.
  5891 | D:5      | Found an oddly glowing altar of Pakellas.
  5892 | D:5      | Found a shattered altar of Ashenzari.
  5892 | D:5      | Found a sacrificial altar of Ru.
  5930 | D:5      | Found a deep blue altar of Sif Muna.
  6182 | D:6      | Noticed a troll
  6190 | D:6      | Slain by a troll

Vault maps used:
D:1:      ldierk_walled_garden
D:2:      old_standard_altar, kennysheep_generic_room_14
D:3:      portal_sewer_entry_d, nemelex_diamond_rough_becter
D:4:      tso_oasis_becter, uniq_natasha
D:5:      kennysheep_mini_moat, minitemple, minmay_temple_entry_glass,
          first_bread
D:6:      xom_teletrap_fun
Temple:   oiseaux_autumnal_temple_12
Sewer:    sewer_frog_island_01

Skill      XL: |  1  2  3  4  5  6  7  8 |
---------------+-------------------------+-----
Throwing       | 2 3 4 |  4.2
Fighting       | 3 4 5 |  5.6
Axes           | 4 5 6 7 |  7.2
Dodging        | 3 4 |  4.7
Invocations    | |  0.4

Action                   |  1- 3 |  4- 6 |  7- 9 || total
-------------------------+-------+-------+-------++-------
Melee: War axe           |    79 |   180 |   159 ||   418
Throw: Throwing net      |       |     4 |     2 ||     6
 Abil: Breathe Lightning |       |       |     6 ||     6
  Use: Potion            |       |       |     3 ||     3
 Stab: Sleeping          |     3 |       |       ||     3
       Held in net/web   |       |     1 |       ||     1
  Eat: Chunk             |       |     8 |     7 ||    15
       Beef jerky        |       |       |     2 ||     2
       Pizza             |       |       |     1 ||     1
       Fruit             |       |       |     1 ||     1
